 Dungeon Crawl Stone Soup version 0.24.1-8-ga250c9d538 (webtiles) character file.

Game seed: 212395384964038011, levelgen mode: deterministic

141 Hugehornet the Changer (level 5, 0/33 HPs)
             Began as an Octopode Transmuter on May 5, 2020.
             Slain by Duvessa
             ... wielding a +0 short sword
              (3 damage)
             ... on level 4 of the Dungeon.
             The game lasted 00:04:15 (2580 turns).

Hugehornet the Changer (Octopode Transmuter)        Turns: 2580, Time: 00:04:16

Health: 0/33       AC:  2    Str: 14    XL:     5   Next: 24%
Magic:  1/8        EV: 20    Int: 16    God:
Gold:   138        SH:  0    Dex: 18    Spells: 2/8 levels left

rFire    . . .     SeeInvis .     - Unarmed
rCold    . . .     Gourm    .   (shield currently unavailable)
rNeg     . . .     Faith    .   (helmet currently unavailable)
rPois    x         Spirit   .   (no amulet)
rElec    .         Reflect  .   o - ring of resist corrosion
rCorr    +         Harm     .   (no ring)
MR       .....                  (no ring)
Stlth    ++........             (no ring)
HPRegen  0.11/turn              (no ring)
MPRegen  0.11/turn              (no ring)
                                (no ring)
                                (no ring)

@: mighty, spider-form
A: tiny, almost no armour, stealthy swim, (amphibious), 8 rings, (constrict 8)
a: End Transformation


You were on level 4 of the Dungeon.
You were very hungry.
You were a venomous arachnid creature.
You visited 1 branch of the dungeon, and saw 4 of its levels.

You collected 138 gold pieces.

Inventory:

Missiles
 a - 26 arrows
Jewellery
 o - a ring of resist corrosion (left front leg)
Scrolls
 b - 4 scrolls of identify {unknown}
 d - 2 scrolls of fear {unknown}
 i - 3 scrolls of teleportation {unknown}
 l - 2 scrolls of magic mapping {unknown}
 m - a scroll of blinking {unknown}
 n - a scroll of remove curse {unknown}
Potions
 f - a potion of haste {unknown}
 g - a potion of magic {unknown}
 h - a potion of brilliance {unknown}
 j - a potion of flight {unknown}
 k - a potion of ambrosia {unknown}
Comestibles
 c - 5 rations


   Skills:
 - Level 1.0 Fighting
 - Level 2.0 Dodging
 * Level 3.3 Unarmed Combat
 - Level 2.0 Spellcasting
 * Level 4.9 Transmutations
 - Level 1.0 Poison Magic


You had 2 spell levels left.
You knew the following spells:

 Your Spells              Type           Power        Failure   Level  Hunger
a - Beastly Appendage     Tmut           ###...       10%         1    #......
b - Sticks to Snakes      Tmut           ###.....     13%         2    ###....
c - Spider Form           Tmut/Pois      ##........   38%         3    ###....

Your spell library contained the following spells:

 Spells                   Type           Power        Failure   Level  Hunger
 Ice Form                 Ice/Tmut       #.......     78%         4    #####..
 Blade Hands              Tmut           ###.......   78%         5    ######.


Dungeon Overview and Level Annotations

Branches:
Dungeon (4/15)
 Temple: D:4-7

Altars:
Wu Jian

Annotations:
D:4 Dowan, Duvessa


Innate Abilities, Weirdness & Mutations

You cannot wear most types of armour.
You are very stealthy in the water. (Stealth+)
((You are amphibious.))
You can wear up to eight rings at the same time.
((You can use your tentacles to constrict eight enemies at once.))
((Your skin changes colour to match your surroundings (Stealth+).))
((Your rubbery body absorbs attacks. (AC +1, EV +1)))


Message History

Duvessa is moderately wounded.
Duvessa completely misses you. Duvessa hits you with a +0 short sword!
You hit Duvessa but do no damage.
Duvessa is moderately wounded.
Duvessa misses you.
It was a potion of might.
You feel very mighty all of a sudden. Duvessa barely misses you.
You bite Duvessa!
Duvessa is severely wounded.
Duvessa hits you but does no damage. Duvessa hits you with a +0 short sword!
* * * LOW HITPOINT WARNING * * *
You hit Duvessa but do no damage.
Duvessa is severely wounded.
Dowan mumbles some strange words.
Dowan blinks!
Duvessa misses you.
You barely miss Duvessa.
Duvessa is severely wounded.
Duvessa hits you with a +0 short sword.
You die...

.. #.#. #.. ...
####... .# ..
......# ..#.#
..... ... ...
#.######.####
#....§es....#
##.#####.e...#
#...e##.......#
#..###
###........#
#.. #......##
.... ........
#... ).....#
#... .....


You could see Duvessa and Dowan.

Vanquished Creatures
  A centaur skeleton (D:3)
  4 adders
  A dart slug (D:1)
  2 leopard geckos (D:3)
  3 orcs (D:3)
  3 giant cockroaches
  13 goblins
  5 hobgoblins
  6 jackals
  8 kobolds
  2 quokkas
  8 bats
  3 frilled lizards
  6 rats
65 creatures vanquished.

Notes
Turn   | Place    | Note
-------+----------+-------------------------------------------
     0 | D:1      | Hugehornet the Octopode Transmuter began the quest for the
                  | Orb.
     0 | D:1      | Reached XP level 1. HP: 13/13 MP: 3/3
    39 | D:1      | Reached XP level 2. HP: 9/18 MP: 5/5
   210 | D:1      | Learned a level 2 spell: Sticks to Snakes
   237 | D:1      | Reached skill level 3 in Transmutations
   357 | D:1      | Reached XP level 3. HP: 17/23 MP: 4/6
   825 | D:2      | Reached skill level 4 in Transmutations
  1212 | D:2      | Found an ornate altar of the Wu Jian Council.
  1408 | D:3      | Reached XP level 4. HP: 28/28 MP: 5/7
  1746 | D:3      | Learned a level 3 spell: Spider Form
  1760 | D:3      | Reached XP level 5. HP: 16/33 MP: 5/8
  2211 | D:3      | Reached skill level 1 in Poison Magic
  2555 | D:4      | Noticed Dowan
  2556 | D:4      | Noticed Duvessa
  2580 | D:4      | Slain by Duvessa

Levels and vault maps discovered:
D:1:      dpeg_arrival_tiny_g, layout_basic, st_stairs_5, fountainhead,
          minmay_misc_feat_chi
D:2:      layout_basic, marbit_many_paths
D:3:      layout_loops_ring, nicolae_underground_beach
D:4:      layout_rooms, uniq_menkaure, uniq_sigmund, uniq_duvessa

Skill      XL: |  1  2  3  4  5 |
---------------+----------------+-----
Transmutations | 3 4 |  4.9
Poison Magic   | 1 |  1.0
Fighting       | |  1.0
Dodging        | |  2.0
Unarmed Combat | |  3.3
Spellcasting   | |  2.0

Action                   |  1- 3 |  4- 6 || total
-------------------------+-------+-------++-------
Melee: Unarmed           |    99 |    69 ||   168
       Kick              |    21 |     8 ||    29
       Constrict         |    24 |    15 ||    39
       Tentacles         |     8 |     7 ||    15
       Punch             |     2 |       ||     2
 Cast: Beastly Appendage |    22 |    13 ||    35
       Sticks to Snakes  |       |     3 ||     3
       Spider Form       |       |     1 ||     1
  Use: Potion            |       |     1 ||     1
 Stab: Sleeping          |       |     4 ||     4
  Eat: Chunk             |     1 |     4 ||     5
Armor: Skin              |     8 |     5 ||    13
Dodge: Dodged            |    56 |    42 ||    98
